 Seeded DCSS version 0.28.0-53-g5a82cb258f (webtiles) character file.

Game seed: 1011010100111101001 (custom seed)

0 xaos the Sneak (level 1, -2/14 HPs)
             Began as a Kobold Delver on June 4, 2022.
             Slain by a sky beast (6 damage)
             ... on level 5 of the Dungeon.
             The game lasted 00:00:42 (12 turns).

xaos the Sneak (Kobold Delver)                        Turns: 12, Time: 00:00:42

Health: -2/14      AC:  3    Str:  9    XL:     1   Next: 0%
Magic:  1/1        EV: 14    Int: 11    God:
Gold:   0          SH:  0    Dex: 16    Spells: 0/0 levels left

rFire   . . .      SeeInvis .   a - +0 mace
rCold   . . .      Faith    .   (no shield)
rNeg    . . .      Spirit   .   b - +0 leather armour
rPois   .          Reflect  .   (no helmet)
rElec   .          Harm     .   (no cloak)
rCorr   .          Rampage  .   (no gloves)
Will    .....                   (no boots)
Stlth   ++++......              (no amulet)
HPRegen 0.04/turn               (no ring)
MPRegen 0.07/turn               (no ring)

@: no status effects
A: small, no large weapons, nightstalker 3
a: no special abilities


You were on level 5 of the Dungeon.
You visited 1 branch of the dungeon, and saw 1 of its levels.

Inventory:

Hand Weapons
 a - a +0 mace (weapon)
Armour
 b - a +0 leather armour (worn)
Wands
 g - a wand of digging (3)
Scrolls
 c - a scroll of fog
 d - a scroll of magic mapping
 e - a scroll of fear
Potions
 f - a potion of haste


   Skills:
 + Level 3.2 Fighting
 + Level 1.7 Maces & Flails
 + Level 2.4 Dodging
 + Level 6.6 Stealth


You couldn't memorise any spells.
You didn't know any spells.
Your spell library was empty.

Dungeon Overview and Level Annotations

Branches:
Dungeon (5/15)
 Temple: D:4-7

Altars:
Xom


Innate Abilities, Weirdness & Mutations

You are small and have problems with some larger weapons.
You are completely attuned to the shadows.


Message History

Game seed: 1011010100111101001 (custom seed) Press ? for a list of commands and other information.
Found a stone staircase leading down.
An ogre comes into view. It is wielding a +0 giant spiked club.
The ogre is engulfed in noxious fumes.
A sky beast comes into view.
A white imp, an orc wizard and a quokka come into view.
Found a shimmering altar of Xom.
The orc wizard shouts!
You hear an angry hiss.
You hear a shout!
The white imp shouts!
You hear a shout!
The ogre shouts!
The ogre is engulfed in noxious fumes.
The ogre appears confused.
The orc wizard is engulfed in noxious fumes.
The orc wizard appears confused.
The orc wizard hits the sky beast with a +0 dagger.
An iguana comes into view.
There are monsters nearby!
There are monsters nearby!
The ogre chortles and stares into space.
The ogre barely misses the sky beast.
A centaur comes into view.
The centaur is engulfed in noxious fumes.
The centaur appears confused.
The centaur hits the ogre.
The centaur kicks the ogre but does no damage.
The ogre shakes.
The ogre hits the white imp with a +0 giant spiked club!
The ogre hits itself with a +0 giant spiked club!
The centaur is engulfed in noxious fumes.
The centaur appears confused.
The centaur hits the ogre.
The centaur kicks the ogre.
The centaur hits itself.
The centaur kicks itself.
You hear a sizzling splash. x2
The sky beast flickers out of sight!
Deactivating autopickup; reactivate with Ctrl-A.
You hear a sizzling splash.
You closely miss something. Something hits you. Something shocks you.
The white imp grinds its teeth.
Something hits you.
* * * LOW HITPOINT WARNING * * *
Something shocks you.
You die...

#§≈.○○.≈#
#§§c.≈o≈#
#§≈lO≈≈≈#
#≈≈r≈≈#
#.#.# #...#
########..#
....@.r5.>#
###########


You could see a white imp and a quokka.

Vanquished Creatures (others)
  An ogre (D:5)
  A centaur (D:5)
  An orc wizard (D:5)
3 creatures vanquished.

Notes
Turn   | Place    | Note
-------+----------+-------------------------------------------
     0 | D:5      | xaos the Kobold Delver began the quest for the Orb.
     0 | D:5      | Reached XP level 1. HP: 14/14 MP: 1/1
     2 | D:5      | Noticed an ogre
     3 | D:5      | Noticed a sky beast
     3 | D:5      | Found a shimmering altar of Xom.
     3 | D:5      | Noticed an orc wizard
     3 | D:5      | Noticed an iguana
     5 | D:5      | Noticed a centaur
     7 | D:5      | Killed an orc wizard
     8 | D:5      | Killed a centaur
     9 | D:5      | Killed an ogre
    12 | D:5      | Slain by a sky beast

Illustrated notes

Levels and vault maps discovered:
D:5:      layout_basic, lemuel_coloured_pillars_altar, xom_confusion_cloud

Action                   || total
-------------------------++-------
Melee: Mace              ||     1
